 Dungeon Crawl Stone Soup version 0.25.1-8-g42b30a86e7 (webtiles) character file.

Game seed: 12207557786173937356

1471 hawla the Thaumaturge (level 8, -2/41 HPs)
             Began as a Deep Elf Conjurer on Dec 2, 2020.
             Killed from afar by Dowan (9 damage)
             ... with a stone arrow
             ... on level 6 of the Dungeon.
             The game lasted 00:17:54 (6649 turns).

hawla the Thaumaturge (Deep Elf Conjurer)           Turns: 6649, Time: 00:17:54

Health: -2/41      AC:  5    Str:  5    XL:     8   Next: 49%
Magic:  7/24       EV: 13    Int: 23    God:
Gold:   261        SH:  0    Dex: 15    Spells: 20/27 levels left

rFire    + + .     SeeInvis .   b - +0 quarterstaff
rCold    . . .     Gourm    .   (shield currently unavailable)
rNeg     . . .     Faith    .   u - +2 robe {rF+}
rPois    +         Spirit   .   (no helmet)
rElec    .         Reflect  .   p - +0 cloak
rCorr    .         Harm     .   (no gloves)
MR       .....                  (no boots)
Stlth    ++........             (no amulet)
HPRegen  0.13/turn              k - ring of protection from fire
MPRegen  0.19/turn              i - ring of poison resistance

@: no status effects
A: no striking features
a: no special abilities


You were on level 6 of the Dungeon.
You were not hungry.

You visited 1 branch of the dungeon, and saw 6 of its levels.

You collected 261 gold pieces.

Inventory:

Hand Weapons
 b - a +0 quarterstaff (weapon)
Missiles
 a - 11 poisoned darts
 m - 7 boomerangs (quivered)
 n - 2 throwing nets
Armour
 p - a +0 cloak (worn)
 u - a +2 robe of fire resistance (worn)
Jewellery
 e - an uncursed ring of protection from magic
 i - a ring of poison resistance (right hand)
 k - a ring of protection from fire (left hand)
Wands
 h - a wand of digging (4)
 j - a wand of flame (11)
 l - a wand of iceblast (5)
 s - a wand of paralysis (8)
Scrolls
 f - a scroll of enchant armour
 g - 2 scrolls of remove curse
 r - a scroll of fear {unknown}
 t - 3 scrolls of immolation {unknown}
Potions
 d - a potion of stabbing
 o - a potion of flight
Comestibles
 c - 11 rations


   Skills:
 - Level 2.4 Dodging
 - Level 2.4 Stealth
 + Level 10.1 Spellcasting
 + Level 9.3 Conjurations


You had 20 spell levels left.
You knew the following spells:

 Your Spells              Type           Power        Failure   Level  Hunger
a - Magic Dart            Conj           ####         1%          1    None
b - Searing Ray           Conj           ######       1%          2    None
c - Iskenderun's Mystic   Conj/Tloc      ####....     9%          4    #......

Your spell library contained the following spells:

 Spells                   Type           Power        Failure   Level  Hunger
 Dazzling Flash           Conj/Hex       ####..       2%          3    None
 Fulminant Prism          Conj/Hex       ####......   9%          4    #......


Dungeon Overview and Level Annotations

Branches:
Dungeon (6/15)
 Temple: D:4-7

Altars:
Dithmenos
Elyvilon
Makhleb
Ru
Sif Muna
Xom
The Shining One

Annotations:
D:6 Dowan


Message History

Aim: Dowan, wielding a +3 dagger of draining and wearing a +0 robe (fast)
The searing ray hits Dowan!
Dowan is heavily wounded. (Press . to maintain the ray.) Dowan says, "Magic will overcome all!"
Dowan closely misses you.
The searing ray hits Dowan!
Dowan is severely wounded.
Dowan completely misses you.
Dowan points at you and mumbles some strange words.
The stone arrow hits you!
* * * LOW HITPOINT WARNING * * *
Okay, then.
Casting: Searing Ray (safe; 1% risk of failure)
Confirm with . or Enter, or press ? or * to list all spells.
The spell is quite dangerous to cast (9% risk of failure)!
Continue anyway?
You erupt in a blast of force!
The mystic blast misses Dowan.
Dowan points at you and mumbles some strange words.
The stone arrow hits you!
You die...

# ######### ######
#......#. ##.####....#
#........ #....)@e##.#
##........
##.[.####..###.......ยง.
#...####.)##..####....
#.#......)##.......... #
#####...)......###..
..........#.##......
....................
............#...#...
............###.....


You could see Dowan (fast).

Vanquished Creatures
  Menkaure (D:5)
  Duvessa (D:6)
  An ice beast (D:5)
  2 ogres (D:4)
  A centaur (D:5)
  Blork the orc (D:5)
  A bullfrog (D:6)
  2 howler monkeys (D:5)
  A centaur zombie (D:5)
  A hound (D:5)
  A jelly (D:5)
  An orc priest (D:3)
  5 orc wizards
  A centaur skeleton (D:5)
  Jessica (D:2)
  An iguana (D:5)
  Natasha (twice) (D:3)
  2 worker ants
  A worker ant zombie (D:5)
  8 gnolls
  8 adders
  An ooze (D:2)
  2 worms (D:5)
  3 leopard geckos
  17 orcs
  10 bats
  12 goblins
  9 hobgoblins
  11 kobolds
  5 quokkas
  A ball python (D:1)
  4 frilled lizards
  A jackal skeleton (D:5)
  A leopard gecko zombie (D:5)
  8 rats
128 creatures vanquished.

Notes
Turn   | Place    | Note
-------+----------+-------------------------------------------
     0 | D:1      | hawla the Deep Elf Conjurer began the quest for the Orb.
     0 | D:1      | Reached XP level 1. HP: 10/10 MP: 6/6
   302 | D:1      | Reached XP level 2. HP: 15/15 MP: 4/8
   343 | D:1      | Learned a level 2 spell: Searing Ray
  1096 | D:1      | Reached skill level 4 in Spellcasting
  1251 | D:1      | Reached skill level 5 in Conjurations
  1251 | D:1      | Reached XP level 3. HP: 19/19 MP: 8/10
  1781 | D:2      | Reached XP level 4. HP: 24/24 MP: 5/12
  1788 | D:2      | Learned a level 4 spell: Iskenderun's Mystic Blast
  1876 | D:2      | Noticed Jessica
  1879 | D:2      | Killed Jessica
  1879 | D:2      | Reached skill level 5 in Spellcasting
  2448 | D:3      | Reached XP level 5. HP: 28/28 MP: 10/15
  2551 | D:3      | Noticed Natasha
  2555 | D:3      | Killed Natasha
  2800 | D:3      | Reached skill level 6 in Spellcasting
  3226 | D:3      | Found a faded altar of an unknown god.
  3385 | D:3      | Reached XP level 6. HP: 32/32 MP: 14/17
  3529 | D:3      | Found a white marble altar of Elyvilon.
  3576 | D:3      | Noticed Natasha
  3580 | D:3      | Killed Natasha
  3745 | D:3      | Found a shadowy altar of Dithmenos.
  3745 | D:3      | Found a burning altar of Makhleb.
  3745 | D:3      | Found a sacrificial altar of Ru.
  3754 | D:3      | Found a shimmering blue altar of Sif Muna.
  3758 | D:3      | Found a shimmering altar of Xom.
  4127 | D:4      | Reached skill level 7 in Spellcasting
  4440 | D:4      | Reached XP level 7. HP: 36/36 MP: 12/19
  4956 | D:5      | Entered Level 5 of the Dungeon
  5137 | D:5      | Reached skill level 8 in Spellcasting
  5538 | D:5      | Noticed Blork the orc
  5548 | D:5      | Killed Blork the orc
  5595 | D:5      | Reached skill level 9 in Spellcasting
  5898 | D:5      | Noticed Menkaure
  5904 | D:5      | Killed Menkaure
  5904 | D:5      | Reached XP level 8. HP: 41/41 MP: 18/23
  6057 | D:5      | Found a glowing golden altar of the Shining One.
  6470 | D:6      | Noticed Duvessa
  6471 | D:6      | Noticed Dowan
  6646 | D:6      | Killed Duvessa
  6646 | D:6      | Reached skill level 10 in Spellcasting
  6649 | D:6      | Killed from afar by Dowan

Illustrated notes

Levels and vault maps discovered:
D:1:      dpeg_arrival_more_subterranean_lakeside_camping, layout_basic,
          serial_bayou_lagoon_b
D:2:      layout_loops_cross, uniq_jessica
D:3:      layout_basic, minmay_overflow_temple_hex,
          chequers_ecumenical_altar_grove, uniq_natasha
D:4:      layout_loops_ring, lemuel_old_faithful
D:5:      layout_gridville, kennysheep_mini, first_ration, uniq_menkaure,
          uniq_blork_the_orc
D:6:      layout_rooms, lemuel_doored_altar, serial_shops, shop, uniq_duvessa

Skill      XL: |  1  2  3  4  5  6  7  8 |
---------------+-------------------------+-----
Spellcasting   | 4 5 6 7 9 10 | 10.1
Conjurations   | 5 6 7 8 9 |  9.3
Dodging        | |  2.4
Stealth        | |  2.4

Action                   |  1- 3 |  4- 6 |  7- 9 || total
-------------------------+-------+-------+-------++-------
 Cast: Magic Dart        |    42 |    61 |    50 ||   153
       Searing Ray       |    10 |    33 |    32 ||    75
       Iskenderun's Myst |       |     1 |     3 ||     4
  Use: Scroll            |     1 |     5 |     2 ||     8
       Potion            |       |     1 |     1 ||     2
  Eat: Chunk             |     3 |     8 |     4 ||    15
       Ration            |       |       |     1 ||     1
Armor: Robe              |       |     5 |     7 ||    12
Dodge: Dodged            |     5 |    21 |    14 ||    40
